General information
- name: BNet
- type: Ladder team game (AT/RT)
- host: Battle.net
- saver: ROTS19
map: GoldRush
- players: 8
- length: 17:31
- speed: Fast
- version: 1.25 W3XP
- replay type: Public
» download(121 KB)
Players
team 1 (winner)
BUFFKOCK (
red | 45 APM | 792 actions | 17:31)
3 Paladin
1 Holy Light
2 Devotion Aura
2 Mountain King
1 Thunder Clap
1 Bash
» actions
| Basic commands | 23 | |
| Build / train | 81 | |
| Enter build submenu | 16 | |
| Enter hero's abilities submenu | 5 | |
| Remove unit from queue | 5 | |
| Right click | 386 | |
| Select / deselect | 228 | |
| Use ability | 48 | |
792 total
» units
| Peasant | 12 | |
| Footman | 17 | |
| Mortar Team | 6 | |
| Rifleman | 9 | |
44 total
» upgrades
| Masonry | 3 | |
| Swords | 0 | |
| Gunpowder | 2 | |
| Armor | 2 | |
| Fragmentation Shards | 1 | |
| Lumber Harvesting | 2 | |
| Long Rifles | 1 | |
11 total
» buildings
| Altar of Kings | 1 | |
| Barracks | 1 | |
| Farm | 10 | |
| Arcane Vault | 1 | |
| Lumber Mill | 2 | |
| Town Hall | 2 | |
| Keep | 1 | |
| Blacksmith | 1 | |
| Workshop | 2 | |
| Castle | 1 | |
22 total
» build order
00:18 Altar of Kings
00:32 Barracks
00:52 Farm
00:55 Farm
00:56 Farm
01:47 Farm
02:08 Farm
02:11 Farm
02:16 Arcane Vault
02:30 Lumber Mill
02:41 Lumber Mill
04:41 Town Hall
05:48 Keep
06:13 Blacksmith
06:16 Farm
06:17 Farm
08:23 Workshop
08:29 Workshop
08:40 Farm
08:41 Farm
08:45 Castle
15:21 Town Hall
» items
| Scroll of Regeneration | 2 | |
| Lesser Clarity Potion | 2 | |
4 total
Rastafari (
blue | 34 APM | 603 actions | 17:31)
4 Priestess of the Moon
2 Trueshot Aura
2 Searing Arrows
» actions
| Assign group hotkey | 35 | |
| Build / train | 63 | |
| Enter build submenu | 17 | |
| Enter hero's abilities submenu | 4 | |
| Right click | 245 | |
| Select / deselect | 153 | |
| Select group hotkey | 61 | |
| Use ability | 25 | |
603 total
» units
| Wisp | 31 | |
| Archer | 6 | |
| Chimaera | 9 | |
| Hippogryph | 4 | |
50 total
» upgrades
| Reinforced Hides | 2 | |
| Strength of the Wild | 2 | |
| Corrosive Breath | 1 | |
5 total
» buildings
| Altar of Elders | 1 | |
| Moon Well | 6 | |
| Ancient of War | 1 | |
| Hunter's Hall | 1 | |
| Tree of Life | 2 | |
| Tree of Ages | 1 | |
| Ancient Protector | 2 | |
| Tree of Eternity | 2 | |
| Ancient of Wind | 1 | |
| Chimaera Roost | 2 | |
| Ancient of Wonders | 1 | |
20 total
» build order
00:50 Altar of Elders
00:56 Moon Well
01:33 Ancient of War
02:06 Moon Well
03:20 Hunter's Hall
04:17 Moon Well
05:26 Tree of Life
05:30 Tree of Ages
06:29 Moon Well
06:34 Ancient Protector
07:57 Tree of Eternity
08:05 Ancient of Wind
09:05 Tree of Life
09:18 Moon Well
09:23 Tree of Eternity
10:15 Moon Well
11:10 Ancient Protector
11:53 Chimaera Roost
11:56 Chimaera Roost
13:47 Ancient of Wonders

»
gnortsmra (
yellow | 73 APM | 1276 actions | 17:31)
4 Death Knight
2 Death Coil
2 Unholy Aura
3 Lich
2 Frost Nova
1 Dark Ritual
» actions
| Assign group hotkey | 14 | |
| Basic commands | 24 | |
| Build / train | 41 | |
| Enter build submenu | 12 | |
| Enter hero's abilities submenu | 7 | |
| Give item / drop item | 1 | |
| Right click | 424 | |
| Select / deselect | 112 | |
| Select group hotkey | 594 | |
| Use ability | 47 | |
1276 total
» units
| Acolyte | 3 | |
| Ghoul | 4 | |
| Crypt Fiend | 6 | |
| Frost Wyrm | 3 | |
16 total
» upgrades
| Web | 1 | |
| Creature Carapace | 1 | |
| Creature Attack | 1 | |
| Burrow | 1 | |
| Freezing Breath | 1 | |
5 total
» buildings
| Altar of Darkness | 1 | |
| Ziggurat | 5 | |
| Crypt | 2 | |
| Graveyard | 1 | |
| Tomb of Relics | 1 | |
| Halls of the Dead | 1 | |
| Black Citadel | 1 | |
| Sacrificial Pit | 1 | |
| Boneyard | 2 | |
15 total
» build order
00:10 Altar of Darkness
00:12 Ziggurat
00:38 Crypt
01:16 Graveyard
01:33 Tomb of Relics
01:55 Crypt
02:09 Ziggurat
04:35 Halls of the Dead
05:23 Ziggurat
05:24 Ziggurat
10:16 Black Citadel
11:49 Sacrificial Pit
13:35 Boneyard
13:36 Boneyard
15:30 Ziggurat
» items
| Rod of Necromancy | 1 | |
| Healing Salve | 1 | |
| Scroll of Town Portal | 1 | |
| Potion of Healing | 3 | |
| Potion of Mana | 3 | |
9 total

»
ats_war (
orange | 65 APM | 1136 actions | 17:31)
4 Shadow Hunter
2 Serpent Ward
1 Hex
1 Healing Wave
» actions
| Assign group hotkey | 16 | |
| Basic commands | 126 | |
| Build / train | 52 | |
| ESC pressed | 2 | |
| Enter build submenu | 22 | |
| Enter hero's abilities submenu | 4 | |
| Right click | 443 | |
| Select / deselect | 283 | |
| Select group hotkey | 95 | |
| Use ability | 93 | |
1136 total
» units
| Peon | 14 | |
| Grunt | 5 | |
| Raider | 10 | |
| Wind Rider | 5 | |
34 total
» upgrades
| Melee Weapons | 2 | |
| Pillage | 1 | |
| Ensnare | 1 | |
| Berserker Strength | 1 | |
| Armor | 1 | |
| Spiked Barricades | 1 | |
7 total
» buildings
| Altar of Storms | 2 | |
| Orc Burrow | 6 | |
| Barracks | 1 | |
| Voodoo Lounge | 1 | |
| Stronghold | 1 | |
| War Mill | 1 | |
| Beastiary | 2 | |
| Watch Tower | 4 | |
| Great Hall | 1 | |
19 total
» build order
00:13 Altar of Storms
00:27 Orc Burrow
01:12 Barracks
01:38 Orc Burrow
01:52 Voodoo Lounge
03:02 Stronghold
04:24 War Mill
04:49 Orc Burrow
06:27 Beastiary
06:30 Beastiary
06:37 Watch Tower
06:40 Watch Tower
06:45 Watch Tower
07:26 Orc Burrow
08:07 Orc Burrow
11:42 Great Hall
17:19 Altar of Storms
17:23 Orc Burrow
17:27 Watch Tower
» items
| Healing Salve | 1 | |
| Potion of Healing | 1 | |
| Scroll of Town Portal | 1 | |
| Lesser Clarity Potion | 1 | |
| Scroll of Speed | 1 | |
5 total
team 2 (loser)

»
buddy8chow (
green | 73 APM | 1134 actions | 15:34)
3 Dreadlord
2 Vampiric Aura
1 Sleep
2 Death Knight
1 Death Coil
1 Unholy Aura
» actions
| Assign group hotkey | 5 | |
| Basic commands | 16 | |
| Build / train | 63 | |
| Enter build submenu | 17 | |
| Enter hero's abilities submenu | 5 | |
| Right click | 594 | |
| Select / deselect | 371 | |
| Use ability | 63 | |
1134 total
» units
| Acolyte | 7 | |
| Ghoul | 24 | |
| Necromancer | 6 | |
| Meatwagon | 1 | |
| Obsidian Statue | 3 | |
41 total
» upgrades
| Unholy Strength | 2 | |
| Unholy Armor | 1 | |
| Necromancer Training | 1 | |
| Skeletal Longevity | 1 | |
| Exhume Corpses | 1 | |
6 total
» buildings
| Graveyard | 1 | |
| Crypt | 2 | |
| Ziggurat | 7 | |
| Altar of Darkness | 1 | |
| Tomb of Relics | 1 | |
| Halls of the Dead | 1 | |
| Spirit Tower | 2 | |
| Nerubian Tower | 1 | |
| Temple of the Damned | 2 | |
| Slaughterhouse | 1 | |
| Black Citadel | 1 | |
20 total
» build order
00:26 Graveyard
00:32 Crypt
00:40 Ziggurat
00:59 Altar of Darkness
01:15 Ziggurat
02:01 Tomb of Relics
02:53 Ziggurat
05:48 Halls of the Dead
06:09 Crypt
07:27 Ziggurat
08:28 Spirit Tower
08:29 Nerubian Tower
08:30 Ziggurat
08:35 Temple of the Damned
08:36 Temple of the Damned
08:39 Slaughterhouse
10:04 Spirit Tower
10:06 Ziggurat
10:08 Ziggurat
13:15 Black Citadel
» items
| Rod of Necromancy | 2 | |
| Sacrificial Skull | 1 | |
| Scroll of Town Portal | 1 | |
4 total
TuxXedozoOTsuiT (
teal | 57 APM | 989 actions | 17:22)
3 Keeper of the Grove
1 Entangling Roots
1 Force of Nature
1 Thorns Aura
2 Priestess of the Moon
1 Searing Arrows
1 Trueshot Aura
» actions
| Assign group hotkey | 9 | |
| Basic commands | 2 | |
| Build / train | 55 | |
| Enter build submenu | 22 | |
| Enter hero's abilities submenu | 5 | |
| Give item / drop item | 2 | |
| Remove unit from queue | 1 | |
| Right click | 661 | |
| Select / deselect | 163 | |
| Select group hotkey | 3 | |
| Use ability | 66 | |
989 total
» units
| Wisp | 21 | |
| Druid of the Talon | 12 | |
| Dryad | 9 | |
42 total
» upgrades
| Druid of the Talon Training | 1 | |
| Abolish Magic | 1 | |
2 total
» buildings
| Altar of Elders | 1 | |
| Moon Well | 7 | |
| Ancient of Wonders | 4 | |
| Hunter's Hall | 1 | |
| Ancient Protector | 5 | |
| Tree of Ages | 1 | |
| Ancient of Wind | 2 | |
| Ancient of Lore | 1 | |
22 total
» build order
00:13 Altar of Elders
00:19 Moon Well
00:44 Ancient of Wonders
01:58 Hunter's Hall
02:16 Moon Well
03:12 Ancient Protector
03:14 Tree of Ages
04:19 Ancient Protector
04:25 Moon Well
04:33 Ancient Protector
05:39 Ancient of Wind
06:27 Ancient Protector
06:34 Ancient of Wind
07:24 Moon Well
07:46 Ancient of Wonders
08:06 Ancient of Wonders
08:10 Ancient of Wonders
08:13 Moon Well
08:50 Ancient Protector
09:00 Ancient of Lore
14:03 Moon Well
15:49 Moon Well
» items
| Potion of Mana | 1 | |
| Scroll of Town Portal | 1 | |
2 total
ROTS19 (
pink | 83 APM | 1455 actions | 17:31)
3 Keeper of the Grove
2 Entangling Roots
1 Thorns Aura
2 Pit Lord
1 Rain of Fire
1 Cleaving Attack
» actions
| Assign group hotkey | 70 | |
| Basic commands | 96 | |
| Build / train | 62 | |
| ESC pressed | 2 | |
| Enter build submenu | 21 | |
| Enter hero's abilities submenu | 7 | |
| Give item / drop item | 5 | |
| Right click | 485 | |
| Select / deselect | 385 | |
| Select group hotkey | 269 | |
| Use ability | 53 | |
1455 total
» units
| Wisp | 20 | |
| Archer | 7 | |
| Huntress | 7 | |
| Glaive Thrower | 7 | |
41 total
» upgrades
| Strength of the Moon | 3 | |
| Ultravision | 1 | |
| Sentinel | 1 | |
| Vorpal Blades | 2 | |
| Well Spring | 1 | |
8 total
» buildings
| Altar of Elders | 1 | |
| Ancient of War | 2 | |
| Moon Well | 5 | |
| Ancient of Wonders | 1 | |
| Hunter's Hall | 1 | |
| Tree of Ages | 1 | |
| Ancient Protector | 1 | |
| Ancient of Wind | 1 | |
| Tree of Eternity | 1 | |
14 total
» build order
00:04 Altar of Elders
00:08 Ancient of War
00:15 Moon Well
02:00 Ancient of Wonders
02:14 Moon Well
03:06 Moon Well
04:07 Hunter's Hall
04:34 Moon Well
05:04 Tree of Ages
06:31 Ancient of War
06:39 Moon Well
07:01 Ancient Protector
08:50 Ancient of Wind
13:18 Tree of Eternity
» items
Chat log
(00:24 / All) ROTS19: Currently it is wednesday
(00:30 / Allies) TuxXedozoOTsuiT: any hackers or bsers i should know about
(00:30 / All) gnortsmra: agreed
(00:38 / All) ROTS19: But in two days it will be FRIDAY
(00:43 / All) gnortsmra: your night in the barrel
(00:43 / All) ROTS19: FRIDAY EVERYONE GETTIN DOWN ON FRIDAY
(00:45 / All) ROTS19: FUN FUN FUN FUN
(00:52 / Allies) buddy8chow: units?
(01:00 / Allies) ROTS19: FRIDAY
(01:03 / Allies) buddy8chow: i think i might go necs
(01:05 / Allies) ROTS19: IM GONNA PARTY PARTY PARTY
(01:06 / Allies) TuxXedozoOTsuiT: well considering they probably gonna rush me
(01:12 / Allies) ROTS19: OH YA
(01:17 / Allies) ROTS19: WHY YOU WHAT MAKES YOU SO SPECIAL
(01:22 / Allies) ROTS19: I'M AT THE EDGE TOO
(01:24 / All) Rastafari: JJAJAJAJAJA
(01:25 / Allies) TuxXedozoOTsuiT: me or pink
(01:31 / Allies) buddy8chow: greart
(01:41 / Allies) ROTS19: He's not here
(01:47 / Allies) ROTS19: he's to busy partying like IT'S FRIDAY
(01:49 / Allies) TuxXedozoOTsuiT: were fine
(01:53 / Allies) buddy8chow: definetly necs for me..
(01:56 / Allies) buddy8chow: u guys cover air/aa
(02:00 / Allies) TuxXedozoOTsuiT: kk
(02:02 / Allies) TuxXedozoOTsuiT: dots
(02:06 / Allies) TuxXedozoOTsuiT: and hippos
(02:43 / All) ROTS19: SMITE THE DEFILERS OF FRIDAY
(03:08 / All) Rastafari: Friday friday gotta get down on friday
(03:17 / All) ROTS19: PARTY PARTY FUN FUN FUN FUN
(03:30 / All) Rastafari: LOL
(04:59 / Allies) buddy8chow: need help?
(05:09 / Allies) buddy8chow: omw
(05:56 / Allies) buddy8chow: whyd u tech..
(07:25 / Allies) buddy8chow: shop
(07:47 / Allies) buddy8chow: haha
(07:49 / All) Rastafari: LMAO
(08:54 / Allies) buddy8chow: get expo pink
(09:05 / Allies) ROTS19: I ONLY GET EXPOS ON FRIDAY
(10:19 / All) ROTS19: damn
(10:22 / All) ROTS19: forgot that was there
(10:41 / Allies) TuxXedozoOTsuiT: ill tp
(10:42 / Allies) ROTS19: lol
(10:45 / Allies) buddy8chow: its all three
(11:37 / Allies) ROTS19: Thanks!
(12:08 / Allies) buddy8chow: hit?
(12:12 / Allies) ROTS19: YEAH
(12:16 / All) BUFFKOCK: gg
(12:49 / Allies) buddy8chow: b
(13:33 / Allies) buddy8chow: no one has support..?
(13:34 / Allies) ROTS19: WE CAN DO THIS
(15:20 / Allies) TuxXedozoOTsuiT: lkill the fuckin mortors first
(15:21 / Allies) TuxXedozoOTsuiT: duh
(15:22 / Allies) TuxXedozoOTsuiT: wtf
(15:26 / Allies) ROTS19: couner
(15:33 / Allies) buddy8chow: its over
(15:36 / Allies) ROTS19: wtf
(15:38 / All) gnortsmra: gg
(15:38 / Allies) ROTS19: no it's not we fine
(17:12 / All) TuxXedozoOTsuiT: game over
(17:16 / All) TuxXedozoOTsuiT: 3vs4
(17:16 / All) Rastafari: gg
(17:19 / All) gnortsmra: gg
(17:19 / All) TuxXedozoOTsuiT: congrats
(17:24 / All) Rastafari: you did good for 3 v4
(17:30 / All) ROTS19: ya gg